 Dungeon Crawl Stone Soup version 0.26-a0-491-g70697cc071 (webtiles) character file.

Game seed: 10865306987553174834

100 KristoblXynda the Sneak (level 4, 0/30 HPs)
             Began as a Vampire Enchanter on Aug 5, 2020.
             Slain by an orc priest
             ... wielding a +0 mace
              (9 damage)
             ... on level 3 of the Dungeon.
             The game lasted 00:04:50 (2347 turns).

KristoblXynda the Sneak (Vampire Enchanter)         Turns: 2347, Time: 00:04:51

Health: 0/30       AC:  2    Str:  8    XL:     4   Next: 46%
Magic:  2/7        EV: 13    Int: 17    God:
Gold:   186        SH:  0    Dex: 14    Spells: 4/7 levels left

rFire    . . .     SeeInvis +   p - +2 short sword (speed)
rCold    . . .     Faith    .   (no shield)
rNeg     . . .     Spirit   .   b - +0 robe
rPois    .         Reflect  .   (no helmet)
rElec    .         Harm     .   d - scarf {shadows}
rCorr    .                      (no gloves)
MR       .....                  (no boots)
Stlth    +++.......             (no amulet)
HPRegen  0.30/turn              (no ring)
MPRegen  0.10/turn              (no ring)

@: regenerating quickly
A: fangs 3, see invisible, unbreathing
a: Exsanguinate


You were on level 3 of the Dungeon.
You visited 1 branch of the dungeon, and saw 3 of its levels.

You collected 186 gold pieces.

Inventory:

Hand Weapons
 a - a +1 dagger
 p - a +2 short sword of speed (weapon)
Armour
 b - a +0 robe (worn)
 d - a scarf of shadows (worn)
 q - a +0 buckler
Jewellery
 t - a +4 ring of evasion {unknown}
 u - a cursed amulet of inaccuracy {unknown}
Scrolls
 e - a scroll of fear {unknown}
 f - a scroll of blinking
 g - a scroll of immolation {unknown}
 i - a scroll of fog {unknown}
 k - 2 scrolls of enchant armour {unknown}
 l - a scroll of magic mapping {unknown}
 n - a scroll of teleportation {unknown}
 r - a scroll of identify
 s - 2 scrolls of remove curse {unknown}
Potions
 c - a potion of mutation
 h - 3 potions of curing {unknown}
 j - a potion of might {unknown}
 m - a potion of brilliance {unknown}


   Skills:
 - Level 1.1 Short Blades
 + Level 3.3 Dodging
 + Level 5.8 Stealth
 - Level 2.2 Spellcasting
 + Level 5.6 Hexes


You had 4 spell levels left.
You knew the following spells:

 Your Spells              Type           Power        Failure   Level
a - Corona                Hex            ##.....      1%          1
b - Ensorcelled Hibernat  Hex/Ice        #.....       9%          2

Your spell library contained the following spells:

 Spells                   Type           Power        Failure   Level
 Confusing Touch          Hex            ##......     5%          3
 Tukima's Dance           Hex            ##......     5%          3
 Dazzling Flash           Conj/Hex       #.....       19%         3


Dungeon Overview and Level Annotations

Branches:
Dungeon (3/15)

Altars:
Elyvilon


Innate Abilities, Weirdness & Mutations

Your natural rate of healing is unusually fast.
You have razor-sharp teeth.
You have supernaturally acute eyesight. (SInv)
You can survive without breathing.


Message History

You hit the orc but do no damage.
The orc is heavily wounded.
The orc hits you but does no damage.
You hit the orc.
You kill the orc!
You closely miss the orc priest.
The orc priest hits you but does no damage.
Casting: Ensorcelled Hibernation (safe; 9% risk of failure)
Confirm with . or Enter, or press ? or * to list all spells.
Aiming: Ensorcelled Hibernation (safe; 9% risk of failure)
Press: ? - help, Shift-Dir - straight line, f/p - orc priest
Aim: an orc priest, wielding a +0 mace and wearing a +0 leather armour (chance to defeat MR: 42%)
The orc priest resists with some effort.
You hit the orc priest.
The orc priest is lightly wounded.
You feel less wooden.
Your scarf of shadows unmelds from your body.
Your +0 robe unmelds from your body.
It gets dark.
The orc priest hits you with a +0 mace!
You die...

..#####............).###
..##.....###.####.####
.......#####.#....#
..###.###.)....####
..###.###.#......#
.................#
..###.#...#......#
........###......#
...[.#### ##.###@#
##.### ##.# #o######
...########..# #..(.oo#
##.#.........# ######o#
##.#.........#


.oo .............# ##o.# ##.#.........# #.# ...#.........# .# #>.#######)..### .
You could see an orc priest.

Vanquished Creatures
  3 adders
  2 dart slugs (D:2)
  3 leopard geckos
  5 orcs (D:3)
  2 giant cockroaches
  4 goblins
  11 hobgoblins
  2 quokkas (D:3)
  2 ball pythons
  8 bats
  5 frilled lizards
  6 kobolds
  7 rats
60 creatures vanquished.

Notes
Turn   | Place    | Note
-------+----------+-------------------------------------------
     0 | D:1      | KristoblXynda the Vampire Enchanter began the quest for the
                  | Orb.
     0 | D:1      | Reached XP level 1. HP: 13/13 MP: 3/3
   347 | D:1      | Reached XP level 2. HP: 11/19 MP: 5/5
   379 | D:1      | Learned a level 2 spell: Ensorcelled Hibernation
   819 | D:2      | Found a white marble altar of Elyvilon.
  1065 | D:2      | Reached skill level 5 in Stealth
  1101 | D:2      | Reached skill level 5 in Hexes
  1101 | D:2      | Reached XP level 3. HP: 16/24 MP: 1/6
  1924 | D:3      | Reached XP level 4. HP: 30/30 MP: 7/7
  2347 | D:3      | Slain by an orc priest

Illustrated notes

Levels and vault maps discovered:
D:1:      lightli_arrival_noodles, layout_loops_ring, minmay_pentomino_x4
D:2:      layout_loops_ring, hangedman_decor_opposing, elyvilon_altar_5
D:3:      layout_rooms

Skill      XL: |  1  2  3 |
---------------+----------+-----
Stealth        | 5 |  5.8
Hexes          | 5 |  5.6
Dodging        | 3 |  3.3
Short Blades   | |  1.1
Spellcasting   | |  2.2

Action                   |  1- 3 |  4- 6 || total
-------------------------+-------+-------++-------
Melee: Dagger            |   115 |       ||   115
       Bite              |    11 |     3 ||    14
       Short sword       |    16 |    60 ||    76
 Cast: Ensorcelled Hiber |    12 |     3 ||    15
  Use: Potion            |     1 |     1 ||     2
       Scroll            |     3 |       ||     3
 Stab: Sleeping          |    17 |     2 ||    19
Armor: Robe              |    33 |     4 ||    37
       Skin              |       |    12 ||    12
Dodge: Dodged            |    98 |    12 ||   110

Table legend: (Time is in decaauts)
 A = Elapsed time spent in this place.
 B = Non-inter-level travel time spent in this place.
 C = Inter-level travel time spent in this place.
 D = Time resting spent in this place.
 E = Time spent auto-exploring this place.
 F = Levels seen in this place.
 G = Mean time per level.
                   A        B        C        D        E       F      G
               +--------+--------+--------+--------+--------+-----+--------+
         Total |   2326 |   2194 |    132 |    286 |   1326 |   3 |  775.3 |
       Dungeon |   2326 |   2194 |    132 |    286 |   1326 |   3 |  775.3 |
               +--------+--------+--------+--------+--------+-----+--------+

Top non-repeatable levels by time:
     D:2: 972 daAuts
     D:1: 815 daAuts
     D:3: 539 daAuts
